 Dungeon Crawl Stone Soup version 0.32-a0-931-g5a2cda0630 (webtiles) character file.

Game seed: 18058757641323982857

47712 glosham the Nimble (level 14, -10/113 HPs)
             Began as a Coglin Gladiator on Apr 11, 2024.
             Was the Champion of Cheibriados.
             Mangled by a blink frog (40 damage)
             ... on level 5 of the Lair of Beasts on Apr 13, 2024.
             The game lasted 04:31:40 (12210 turns).

glosham the Nimble (Coglin Gladiator)              Turns: 12210, Time: 04:31:41

Health: -10/113    AC: 14    Str: 29    XL:     14   Next: 43%
Magic:  28/28      EV:  2    Int: 27    God:    Cheibriados [******]
Gold:   884        SH:  0    Dex: 32    Spells: 22/34 levels left

rFire   . . .        a - +0 trident (spect) {Yolanda}
rCold   + . .        b - +1 demon trident (venom) {Yeongsuk}
rNeg    . . .        X - +0 troll leather armour
rPois   +            T - +2 helmet
rElec   .            Y - +2 cloak
rCorr   +            U - +2 pair of gloves
SInv    .            V - +1 pair of boots
Will    +....        (amulet unavailable)
Stlth   ++           (ring unavailable)
HPRegen 1.18/turn    (ring unavailable)
MPRegen 0.21/turn    F - megasamoflange Ver.88 {Gadgeteer, rPois rC+ rCorr}

%: no passive effects
@: sleeping, revved, very slow
A: off-hand wielding, slow wielding, warmup strikes, no jewellery
a: Renounce Religion, Bend Time, Temporal Distortion, Slouch, Step From Time


You were on level 5 of the Lair of Beasts.
You worshipped Cheibriados.
Cheibriados was exalted by your worship.
You visited 3 branches of the dungeon, and saw 19 of its levels.

You collected 1464 gold pieces.
You spent 580 gold pieces at shops.

Inventory:

Hand Weapons
 a - a +0 spectral trident (weapon) {Yolanda}
 b - a +1 demon trident of venom (offhand) {Yeongsuk}
 h - a +0 sling
 z - a +5 dire flail of protection
 A - the +5 sling of Chaos {flame, Stlth+}
   (You found it on level 6 of the Dungeon)

   Stlth+:    It makes you more stealthy.
Missiles
 d - a throwing net
 o - 27 poisoned darts
 u - a javelin
 B - 10 boomerangs (quivered)
 I - a curare-tipped dart
Armour
 e - a +2 chain mail of cold resistance
 C - a +2 robe of willpower
 E - a +1 leather armour of fire resistance
 L - the +2 ring mail of Emisyss {rN+}
   (You found it on level 8 of the Dungeon)

   rN+:       It protects you from negative energy.
 P - a +1 robe of cold resistance
 Q - a +2 ring mail of poison resistance
 T - a +2 helmet (worn)
 U - a +2 pair of gloves (worn)
 V - a +1 pair of boots (worn)
 X - a +0 troll leather armour (worn)
 Y - a +2 cloak (worn)
 Z - a +2 hat of stealth
Magical Staves
 g - a staff of death
 H - a staff of air
 R - a staff of cold
Gizmo
 F - a megasamoflange Ver.88 (installed) {Gadgeteer, rPois rC+ rCorr}
   (You invented it yourself on level 3 of the Lair of Beasts)

   [megasamoflange Ver.88]

   Gadgeteer: Your evocable items recharge 30% faster and wands have a 30%
   chance to not spend a charge.
   rC+:       It protects you from cold.
   rPois:     It protects you from poison.
   rCorr:     It protects you from acid and corrosion.
Wands
 f - a wand of flame (25)
 i - a wand of polymorph (12)
 x - a wand of paralysis (10)
 D - a wand of roots (20)
 M - a wand of mindburst (8)
Scrolls
 c - 5 scrolls of revelation
 k - 4 scrolls of teleportation
 m - a scroll of fog
 n - a scroll of fear
 p - a scroll of immolation
 y - 6 scrolls of vulnerability
 G - a scroll of noise
 N - a scroll of amnesia
 S - 4 scrolls of poison
 W - a scroll of summoning
Potions
 j - a potion of might {unknown}
 q - 4 potions of ambrosia
 r - 9 potions of curing
 s - 4 potions of heal wounds
 t - a potion of magic
 v - 2 potions of enlightenment
 w - 2 potions of mutation
 J - 2 potions of berserk rage
 K - a potion of attraction
 O - 4 potions of lignification
Miscellaneous
 l - a tin of tremorstones (2/2)


   Skills:
 * Level 11.5 Fighting
 - Level 8.1 Polearms
 - Level 1.7 Throwing
 + Level 12.4 Dodging
 + Level 10.6 Spellcasting
 - Level 7.3 Translocations
 - Level 7.3 Air Magic


You had 22 spell levels left.
You knew the following spells:

 Your Spells              Type           Power      Damage    Failure   Level
q - Maxwell's Portable P  Tloc           52%        2d(10-29) 1%          3
t - Teleport Other        Tloc           52%        N/A       1%          3
v - Vhi's Electric Charg  Tloc/Air       100%       N/A       2%          4
z - Lesser Beckoning      Tloc           100%       N/A       1%          2

Your spell library contained the following spells:

 Spells                   Type           Power      Damage    Failure   Level
 Cigotuvi's Dreadful Rot  Necr/Alch/Air  54%        N/A       2%          2
 Ensorcelled Hibernation  Hex/Ice        28%        N/A       7%          2
 Fugue of the Fallen      Necr           14%        N/A       14%         3
 Arcjolt                  Conj/Air       17%        1d27      28%         5
 Anguish                  Hex/Necr       7%         N/A       41%         4
 Animate Dead             Necr           14%        N/A       41%         4
 Freezing Cloud           Conj/Ice/Air   13%        6-21      41%         5
 Plasma Beam              Fire/Air       17%        2x1d28    83%         6
 Death Channel            Necr           7%         N/A       100%        6
 Haunt                    Necr/Summ      7%         N/A       100%        7
 Infestation              Necr           7%         N/A       100%        8


Dungeon Overview and Level Annotations

Branches:
Dungeon (13/15)            Temple (1/1) D:7            Lair (5/5) D:11
 Shoals (0/4) Lair:2        Snake (0/4) Lair:2        Slime (0/5) Lair:4
    Orc (0/2) D:12         Vaults (0/5) D:13

Altars:
Ashenzari
Cheibriados
Dithmenos
Elyvilon
Fedhas
Gozag
Hepliaklqana
Kikubaaqudgha
Makhleb
Nemelex Xobeh
Okawaru
Qazlal
Ru
Sif Muna
Trog
Uskayaw
Vehumet
Wu Jian
Xom
Yredelemnul
Zin
The Shining One
Beogh
Jiyva

Shops:
D:1 :   D:13 :

Portals:
Trove: D:11 (give 17 potions of curing)


Innate Abilities, Weirdness & Mutations

You can wield a second weapon in your off-hand.
It takes a long time for you to wield or remove held weapons.
Your first few attacks do less damage.
You cannot equip rings or amulets.


Message History

You hit the blink frog with your +1 demon trident of venom.
The blink frog is poisoned.
The blink frog is lightly wounded.
You puncture the blink frog with your +0 spectral trident!
Your +0 spectral trident {Yolanda} hits the blink frog.
The blink frog closely misses you.
The blink frog blinks!
The dream sheep "Baaaas" balefully.
The blink frog completely misses you.
You puncture the blink frog with your +1 demon trident of venom!
The blink frog looks as sick as possible!
The blink frog is almost dead.
You puncture the blink frog with your +0 spectral trident!
You kill the blink frog!
Cheibriados appreciates the change of pace.
Your +0 spectral trident {Yolanda} disappears.
The blink frog misses you.
You hit the blink frog with your +0 spectral trident.
The blink frog is lightly wounded.
You closely miss the blink frog with your +1 demon trident of venom.
Your +0 spectral trident {Yolanda} hits the blink frog.
The blink frog completely misses you. The blink frog misses you.
The blink frog completely misses you.
You closely miss the blink frog with your +1 demon trident of venom.
The blink frog is moderately wounded.
You barely miss the blink frog with your +0 spectral trident.
Your +0 spectral trident {Yolanda} hits the blink frog!
The blink frog closely misses you. The blink frog misses you.
You closely miss the blink frog with your +1 demon trident of venom.
The blink frog is heavily wounded.
You puncture the blink frog with your +0 spectral trident!
Your +0 spectral trident {Yolanda} hits the blink frog!
You kill the blink frog!
Cheibriados appreciates the change of pace.
The blink frog closely misses you.
The dream sheep shake their wool and sparkle.
You feel drowsy...
You fall asleep.
Your +0 spectral trident {Yolanda} disappears.
The blink frog hits you!!!
You die...
Cheibriados appreciates the motionlessness of death.

#......#..## ##...####...#
. #.#...# ##..# P.
##....###...# #.
#...#.#...## ####. # ###
#.....<...##
##.#..#.##.###.......<.P#
#...#..##..Y#P........PP#
##P..P.....YYF@†........##
...........F####.P......#
.......<....# ##P........#
.........Y.## ##......P##
.......FP..# #......##
..../...P.Y.# .......#
...........## ........
..........## #..###....#


You could see 2 blink frogs and 3 dream sheep.

Vanquished Creatures
  Gastronok (D:11)
  An ironbound preserver (D:12)
  Josephine (D:12)
  An entropy weaver (shapeshifter) (D:13)
  Fannar (D:11)
  A catoblepas (D:13)
  2 hydras
  A boulder beetle (D:12)
  Erica (Lair:1)
  3 two-headed ogres
  A tengu warrior (D:13)
  A skyshark (Lair:3)
  A skeletal warrior (D:6)
  A glowing orange brain (D:13)
  A lindwurm (Lair:2)
  2 cyclopes (D:12)
  A manticore (D:13)
  6 elephants
  Joseph (D:9)
  6 black mambas
  Maurice (D:8)
  9 cane toads
  An unseen horror (D:12)
  7 komodo dragons
  3 rime drakes
  A tengu conjurer (D:13)
  5 trolls
  A polar bear (Lair:3)
  14 blink frogs
  A snapping turtle (Lair:2)
  A raiju (shapeshifter) (D:13)
  7 dream sheep
  9 slime creatures (D:13)
  37 yaks
  Eustachio (D:6)
  4 wraiths (D:12)
  A water elemental (Lair:2)
  4 wyverns
  A vampire (D:10)
  Grum (D:8)
  5 basilisks
  6 vampire mosquitoes
  Menkaure (D:6)
  Edmund (D:6)
  3 nagas
  6 water moccasins
  An acid dragon (D:6)
  Duvessa (D:7)
  10 orc warriors
  A sky beast (D:7)
  3 black bears
  2 ice beasts
  3 ogres
  17 wolves
  4 centaurs
  A phantom (D:4)
  Blork the orc (D:5)
  3 kobold brigands
  14 bullfrogs
  2 gnoll sergeants
  4 scorpions
  Dowan (D:7)
  12 killer bees
  3 howler monkeys
  2 electric eels
  3 bombardier beetles
  3 hounds
  A jelly (D:5)
  5 orc priests
  Crazy Yiuf (D:2)
  2 sleepcaps
  3 iguanas
  Natasha (twice) (D:4)
  12 orc wizards
  4 hell rats (Lair:1)
  12 gnolls
  8 adders
  2 white imps
  4 ufetubi (D:6)
  A ribbon worm (D:3)
  4 dart slugs
  57 orcs
  6 endoplasms
  A giant cockroach (D:2)
  10 goblins
  5 hobgoblins
  12 kobolds
  7 quokkas
  5 ball pythons
  6 bats
  5 frilled lizards
  5 rats
436 creatures vanquished.

Vanquished Creatures (others)
  A hobgoblin (D:1)
  10 spectral weapons
11 creatures vanquished.

Grand Total: 447 creatures vanquished

Notes
Turn   | Place    | Note
-------+----------+-------------------------------------------
     0 | D:1      | glosham the Coglin Gladiator began the quest for the Orb.
     0 | D:1      | Reached XP level 1. HP: 16/16 MP: 1/1
    90 | D:2      | Reached XP level 2. HP: 14/23 MP: 2/2
   183 | D:2      | Reached skill level 3 in Fighting
   229 | D:3      | Found a shimmering altar of Xom.
   277 | D:3      | Reached XP level 3. HP: 27/30 MP: 3/3
   299 | D:3      | Reached XP level 4. HP: 29/37 MP: 4/4
   387 | D:3      | Noticed an ice beast
   387 | D:3      | Noticed a black bear
   580 | D:4      | Reached XP level 5. HP: 30/44 MP: 5/5
   708 | D:4      | Reached skill level 6 in Fighting
   708 | D:4      | Reached XP level 6. HP: 37/52 MP: 6/6
   721 | D:4      | Noticed Natasha
   727 | D:4      | Killed Natasha
   789 | D:5      | Entered Level 5 of the Dungeon
   817 | D:5      | Found a glowing silver altar of Zin.
   887 | D:7      | Found a staircase to the Ecumenical Temple.
   916 | Temple   | Entered the Ecumenical Temple
   931 | Temple   | Became a worshipper of Cheibriados the Contemplative
  1039 | D:8      | Noticed Maurice
  1049 | D:8      | Maurice stole a +0 orcbow
  1050 | D:8      | Killed Maurice
  1051 | D:8      | Reached XP level 7. HP: 62/62 MP: 0/7
  1262 | D:8      | Reached skill level 9 in Fighting
  1262 | D:8      | Reached XP level 8. HP: 65/71 MP: 8/8
  1354 | D:10     | Entered Level 10 of the Dungeon
  1381 | D:11     | Upgraded the game from 0.32-a0-918-g0f22ef8d61 to
                  | 0.32-a0-921-g04a7ad8e02
  1398 | D:11     | Reached * piety under Cheibriados
  1414 | D:11     | Noticed a yak
  1414 | D:11     | Noticed a yak
  1414 | D:11     | Noticed a yak
  1428 | D:11     | Killed a yak
  1433 | D:11     | Killed a yak
  1437 | D:11     | Killed a yak
  1456 | D:11     | Noticed an elephant
  1463 | D:11     | Noticed a yak
  1472 | D:11     | Reached skill level 8 in Dodging
  1472 | D:11     | Reached XP level 9. HP: 10/79 MP: 9/9
  1473 | D:11     | Killed an elephant
  1494 | D:11     | Reached XP level 10. HP: 13/88 MP: 10/10
  1933 | D:1      | Found a faded altar of an unknown god.
  2038 | D:1      | Found Sujearis's Book Boutique.
  2075 | D:1      | Reached ** piety under Cheibriados
  2297 | D:1      | HP: 3/88 [something (20)]
  2578 | D:1      | Bought a book of Displacement for 220 gold pieces
  2582 | D:1      | Learned a level 2 spell: Lesser Beckoning
  2586 | D:1      | Learned a level 3 spell: Maxwell's Portable Piledriver
  2590 | D:1      | Learned a level 3 spell: Teleport Other
  2695 | D:2      | Found a runed translucent door.
  2696 | D:2      | Noticed Crazy Yiuf
  2702 | D:2      | Killed Crazy Yiuf
  3239 | D:3      | Reached skill level 1 in Spellcasting
  3239 | D:3      | Reached skill level 1 in Translocations
  3409 | D:4      | You fall into a shaft and drop 1 floor!
  3609 | D:5      | Got the Catalogue of Frosty Necromancy
  3617 | D:5      | Found a blossoming altar of Fedhas.
  3645 | D:5      | Reached *** piety under Cheibriados
  3982 | D:5      | Noticed Blork the orc
  3989 | D:5      | Killed Blork the orc
  4022 | D:4      | Noticed Natasha
  4027 | D:4      | Killed Natasha
  4273 | D:6      | Noticed Edmund
  4296 | D:6      | Killed Edmund
  4313 | D:6      | Noticed a skeletal warrior
  4314 | D:6      | Upgraded the game from 0.32-a0-921-g04a7ad8e02 to
                  | 0.32-a0-931-g5a2cda0630
  4426 | D:6      | Killed a skeletal warrior
  4427 | D:6      | Reached skill level 3 in Translocations
  4602 | D:6      | Identified the +5 sling of Chaos {flame, Stlth+}
  4617 | D:6      | Noticed Eustachio
  4625 | D:6      | Killed Eustachio
  4626 | D:6      | Reached skill level 3 in Spellcasting
  4788 | D:6      | Reached **** piety under Cheibriados
  4857 | D:6      | Noticed Menkaure
  4867 | D:6      | Killed Menkaure
  5395 | D:7      | Noticed Dowan
  5407 | D:7      | Killed Dowan
  5413 | D:7      | Reached XP level 11. HP: 89/93 MP: 16/16
  5417 | D:7      | Noticed Duvessa
  5419 | D:7      | Reached ***** piety under Cheibriados
  5430 | D:7      | Killed Duvessa
  5477 | D:7      | Identified a scroll of acquirement
  5478 | D:7      | Acquired a +0 demon trident of venom
  5916 | D:8      | Noticed Grum
  5921 | D:8      | Killed Grum
  5945 | D:8      | Identified the +2 ring mail of Emisyss {rN+}
  6118 | D:9      | Noticed Joseph
  6125 | D:9      | Killed Joseph
  6305 | D:9      | Reached skill level 6 in Translocations
  6682 | D:1      | Bought a book of Lightning for 360 gold pieces
  6687 | D:1      | Learned a level 4 spell: Vhi's Electric Charge
  6978 | D:10     | Noticed a two-headed ogre
  6995 | D:10     | Killed a two-headed ogre
  6996 | D:10     | Reached skill level 1 in Air Magic
  7373 | D:11     | Noticed Fannar
  7383 | D:11     | Killed Fannar
  7388 | D:11     | Reached skill level 6 in Spellcasting
  7549 | D:11     | Found a staircase to the Lair.
  7827 | D:11     | Found a portal to a secret trove of treasure.
  7901 | D:11     | Noticed Gastronok
  7960 | D:11     | Noticed a two-headed ogre
  7966 | D:11     | Killed a two-headed ogre
  7967 | D:11     | Reached skill level 3 in Air Magic
  8009 | D:11     | Killed Gastronok
  8010 | D:11     | Reached XP level 12. HP: 92/100 MP: 21/21
  8133 | D:12     | Identified the +4 rapier "Beceull" {chaos, rElec Will+++
                  | Dex-4}
  8238 | D:12     | Noticed a two-headed ogre
  8246 | D:12     | Killed a two-headed ogre
  8306 | D:12     | Noticed Josephine
  8309 | D:12     | Killed Josephine
  8310 | D:12     | Reached skill level 6 in Air Magic
  8646 | D:12     | Noticed a boulder beetle
  8653 | D:12     | Killed a boulder beetle
  8797 | D:12     | Reached ****** piety under Cheibriados
  8808 | D:12     | Found a staircase to the Orcish Mines.
  8933 | D:13     | Noticed a catoblepas
  8944 | D:13     | Killed a catoblepas
  9096 | D:13     | Noticed an ironbound preserver
  9111 | D:12     | Killed an ironbound preserver
  9112 | D:12     | Reached skill level 9 in Dodging
  9146 | D:13     | Found a roughly hewn altar of Beogh.
  9351 | D:13     | Found a gate to the Vaults.
  9390 | D:13     | Noticed a tengu warrior
  9396 | D:13     | Killed a tengu warrior
  9397 | D:13     | Reached XP level 13. HP: 102/106 MP: 20/24
  9512 | D:13     | Noticed an entropy weaver
  9514 | D:13     | Found Pehydutt's Book Shop.
  9531 | D:13     | Killed an entropy weaver
  9629 | Lair:1   | Entered Level 1 of the Lair of Beasts
  9715 | Lair:1   | Noticed Erica
  9720 | Lair:1   | Killed Erica
  9721 | Lair:1   | Reached skill level 10 in Dodging
 10251 | Lair:2   | Found a staircase to the Snake Pit.
 10672 | Lair:2   | Reached skill level 9 in Spellcasting
 10737 | Lair:2   | Found a staircase to the Shoals.
 10763 | Lair:2   | Reached skill level 11 in Dodging
 11307 | Lair:3   | Reached XP level 14. HP: 101/113 MP: 27/27
 11308 | Lair:3   | Acquired a megasamoflange Ver.88 {Gadgeteer, rPois rC+
                  | rCorr}
 11490 | Lair:3   | You fall into a shaft and drop 2 floors!
 11490 | Lair:5   | Entered Level 5 of the Lair of Beasts
 11566 | Lair:4   | Reached skill level 12 in Dodging
 11996 | Lair:4   | Found a viscous altar of Jiyva.
 11997 | Lair:4   | Found a staircase to the Slime Pits.
 12210 | Lair:5   | Mangled by a blink frog

Illustrated notes

Levels and vault maps discovered:
D:1:      dpeg_arrival_arbitrary_a, layout_rooms,
          shapermc_ecumenical_altar_totnotflames, serial_shops, shop,
          lemuel_flame_loot_1
D:2:      layout_basic, dreamdust_princess_corridor, uniq_crazy_yiuf_cottage
D:3:      minmay_inner_zag, layout_loops_ring, xom_teletrap_fun,
          lightli_corner_chamber
D:4:      layout_basic, kennysheep_small_circle, uniq_natasha
D:5:      layout_gridville, fedhas_altar_2, kennysheep_little_box,
          uniq_blork_the_orc
D:6:      layout_rooms, serial_aquarium, aquarium_bridge_long_joined
          [aquarium_subvault_bridge, aquarium_subvault_window,
          aquarium_subvault_window, aquarium_subvault_balcony,
          aquarium_subvault_wall, aquarium_subvault_wall],
          aquarium_bridge_square [aquarium_subvault_bridge,
          aquarium_subvault_wall, aquarium_subvault_balcony,
          aquarium_subvault_bridge], aquarium_window_fake, aquarium_window_fake,
          aquarium_window_1, aquarium_view_2c, minmay_three_doors,
          uniq_eustachio, uniq_edmund, uniq_menkaure
D:7:      layout_loops_corners, minmay_temple_entry_statues_pillars,
          nicolae_twisty_statue_hallways, uniq_duvessa
D:8:      layout_loops_ring, item_on_display_a, uniq_maurice, uniq_grum
D:9:      layout_cave_pods, chequers_big_river, uniq_joseph
D:10:     layout_cave_pools, nicolae_elevator_lobby_plus
D:11:     layout_stronghold, david_lair_generic, enter_trove_6,
          minmay_fractal_squares_5, uniq_fannar, uniq_gastronok
D:12:     layout_loops_corners, david_orc_2, grunt_decor_fettered,
          uniq_josephine
D:13:     layout_roguey [special_room_orc], hellmonk_vaults_order_and_chaos,
          serial_shops, nicolae_shop_advertising_works
          [nicolae_subvault_shop_adworks]
Temple:   hellmonk_temple_of_storms
Lair:1:   layout_regular_city, serial_bayou_pond_b, minivault_23,
          infiniplex_staircase_pool_2, uniq_erica
Lair:2:   layout_concentric_octagons, minmay_shoals_entry_hut,
          guppyfry_snake_entry_garden
Lair:3:   layout_misc_corridors, st_stairs_4
Lair:4:   layout_big_grid, slime_entry_1, grunt_megastairs_1,
          serial_bayou_shore_b, serial_bayou_shore_a
Lair:5:   minmay_lair_end_enchanted_forest, layout_small_grid

Skill      XL: |  1  2  3  4  5  6  7  8  9 10 11 12 13 14 |
---------------+-------------------------------------------+-----
Fighting       | 4 5 6 8 9 10 11 | 11.5
Polearms       | 8 |  8.1
Dodging        | 8 9 11 12 | 12.4
Spellcasting   | 3 6 7 9 10 | 10.6
Translocations | 4 7 |  7.3
Air Magic      | 4 7 |  7.3
Throwing       | |  1.7

Action                     |  1- 3 |  4- 6 |  7- 9 | 10-12 | 13-15 || total
---------------------------+-------+-------+-------+-------+-------++-------
  Melee: Trident           |    37 |    93 |    76 |   506 |   390 ||  1102
         Dagger            |    10 |       |       |       |       ||    10
         Spear             |    20 |    93 |    75 |   240 |       ||   428
         Demon trident     |       |       |       |   274 |   391 ||   665
  Throw: Boomerang         |       |       |       |     9 |     1 ||    10
         Throwing net      |       |       |       |     4 |       ||     4
         Dart              |       |       |       |     2 |       ||     2
         Javelin           |       |       |       |     1 |       ||     1
   Cast: Lesser Beckoning  |       |       |       |     5 |     1 ||     6
         Vhi's Electric Ch |       |       |       |     9 |    13 ||    22
Ability: Invent Gizmo      |       |       |       |       |     1 ||     1
  Evoke: Wand              |       |       |       |    11 |       ||    11
    Use: Scroll            |       |     5 |     1 |    25 |     2 ||    33
         Potion            |       |     1 |     1 |       |       ||     2
   Stab: Sleeping          |     3 |       |       |     2 |     4 ||     9
         Distracted        |       |       |       |    15 |    12 ||    27
 Armour: Leather armour    |    19 |     2 |       |    12 |       ||    33
         Ring mail         |       |    27 |     4 |    42 |    34 ||   107
         Skin              |       |    17 |       |       |     3 ||    20
         Chain mail        |       |       |    37 |    76 |       ||   113
         Acid dragon scale |       |       |       |    10 |       ||    10
         Troll leather arm |       |       |       |    74 |    92 ||   166
  Dodge: Dodged            |    12 |    36 |    12 |   268 |   313 ||   641

Table legend: (Time is in decaauts)
 A = Elapsed time spent in this place.
 B = Non-inter-level travel time spent in this place.
 C = Inter-level travel time spent in this place.
 D = Time resting spent in this place.
 E = Time spent auto-exploring this place.
 F = Levels seen in this place.
 G = Mean time per level.
                   A        B        C        D        E       F      G
               +--------+--------+--------+--------+--------+-----+--------+
         Total |  19297 |  17211 |   2086 |    472 |      0 |  19 | 1015.6 |
       Dungeon |  14670 |  12953 |   1717 |    472 |      0 |  13 | 1128.5 |
        Temple |     40 |     23 |     17 |      0 |      0 |   1 |   40.0 |
          Lair |   4586 |   4235 |    351 |      0 |      0 |   5 |  917.2 |
               +--------+--------+--------+--------+--------+-----+--------+

Top non-repeatable levels by time:
    D:11: 1691 daAuts
  Lair:2: 1487 daAuts
    D:12: 1431 daAuts
     D:9: 1393 daAuts
  Lair:1: 1234 daAuts
     D:7: 1226 daAuts
     D:4: 1164 daAuts
    D:13: 1152 daAuts
     D:6: 1091 daAuts
     D:8: 1061 daAuts
     D:5: 1059 daAuts
     D:1: 938 daAuts
  Lair:3: 890 daAuts
     D:3: 886 daAuts
  Lair:4: 869 daAuts

Table legend: (Time is in decaauts)
 A = Elapsed time spent in this place.
 B = Non-inter-level travel time spent in this place.
 C = Inter-level travel time spent in this place.
 D = Time resting spent in this place.
 E = Time spent auto-exploring this place.
 F = Levels seen in this place.
 G = Mean time per level.
                   A        B        C        D        E       F      G
               +--------+--------+--------+--------+--------+-----+--------+
         Total |  19297 |  17211 |   2086 |    472 |      0 |  19 | 1015.6 |
       Dungeon |  14670 |  12953 |   1717 |    472 |      0 |  13 | 1128.5 |
        Temple |     40 |     23 |     17 |      0 |      0 |   1 |   40.0 |
          Lair |   4586 |   4235 |    351 |      0 |      0 |   5 |  917.2 |
               +--------+--------+--------+--------+--------+-----+--------+

Top non-repeatable levels by time:
    D:11: 1691 daAuts
  Lair:2: 1487 daAuts
    D:12: 1431 daAuts
     D:9: 1393 daAuts
  Lair:1: 1234 daAuts
     D:7: 1226 daAuts
     D:4: 1164 daAuts
    D:13: 1152 daAuts
     D:6: 1091 daAuts
     D:8: 1061 daAuts
     D:5: 1059 daAuts
     D:1: 938 daAuts
  Lair:3: 890 daAuts
     D:3: 886 daAuts
  Lair:4: 869 daAuts

Table legend:
 A = Kills in this place as a percentage of kills in the entire game.
 B = Kills by you in this place as a percentage of kills by you in the entire game.
 C = Kills by friends in this place as a percentage of kills by friends in the entire game.
 D = Other kills in this place as a percentage of other kills in the entire game.
 E = Experience gained in this place as a percentage of experience gained in the entire game.
 F = Experience gained in this place divided by the number of levels of this place that you have seen.
                   A       B       C       D       E      F
               +-------+-------+-------+-------+-------+----------------------
         Total | 100.0 | 100.0 |   N/A |   N/A | 100.0 | 3483.1
       Dungeon |  69.7 |  69.7 |   N/A |   N/A |  48.7 | 2477.2
          Lair |  30.3 |  30.3 |   N/A |   N/A |  51.3 | 6795.0
               +-------+-------+-------+-------+-------+----------------------

Levels and vault maps discovered:
D:1:      dpeg_arrival_arbitrary_a, layout_rooms,
          shapermc_ecumenical_altar_totnotflames, serial_shops, shop,
          lemuel_flame_loot_1
D:2:      layout_basic, dreamdust_princess_corridor, uniq_crazy_yiuf_cottage
D:3:      minmay_inner_zag, layout_loops_ring, xom_teletrap_fun,
          lightli_corner_chamber
D:4:      layout_basic, kennysheep_small_circle, uniq_natasha
D:5:      layout_gridville, fedhas_altar_2, kennysheep_little_box,
          uniq_blork_the_orc
D:6:      layout_rooms, serial_aquarium, aquarium_bridge_long_joined
          [aquarium_subvault_bridge, aquarium_subvault_window,
          aquarium_subvault_window, aquarium_subvault_balcony,
          aquarium_subvault_wall, aquarium_subvault_wall],
          aquarium_bridge_square [aquarium_subvault_bridge,
          aquarium_subvault_wall, aquarium_subvault_balcony,
          aquarium_subvault_bridge], aquarium_window_fake, aquarium_window_fake,
          aquarium_window_1, aquarium_view_2c, minmay_three_doors,
          uniq_eustachio, uniq_edmund, uniq_menkaure
D:7:      layout_loops_corners, minmay_temple_entry_statues_pillars,
          nicolae_twisty_statue_hallways, uniq_duvessa
D:8:      layout_loops_ring, item_on_display_a, uniq_maurice, uniq_grum
D:9:      layout_cave_pods, chequers_big_river, uniq_joseph
D:10:     layout_cave_pools, nicolae_elevator_lobby_plus
D:11:     layout_stronghold, david_lair_generic, enter_trove_6,
          minmay_fractal_squares_5, uniq_fannar, uniq_gastronok
D:12:     layout_loops_corners, david_orc_2, grunt_decor_fettered,
          uniq_josephine
D:13:     layout_roguey [special_room_orc], hellmonk_vaults_order_and_chaos,
          serial_shops, nicolae_shop_advertising_works
          [nicolae_subvault_shop_adworks]
Temple:   hellmonk_temple_of_storms
Lair:1:   layout_regular_city, serial_bayou_pond_b, minivault_23,
          infiniplex_staircase_pool_2, uniq_erica
Lair:2:   layout_concentric_octagons, minmay_shoals_entry_hut,
          guppyfry_snake_entry_garden
Lair:3:   layout_misc_corridors, st_stairs_4
Lair:4:   layout_big_grid, slime_entry_1, grunt_megastairs_1,
          serial_bayou_shore_b, serial_bayou_shore_a
Lair:5:   minmay_lair_end_enchanted_forest, layout_small_grid
